 Dungeon Crawl Stone Soup version 0.19-a0-1532-g228a5d9 (webtiles) character file.

126 Alarkh the Slasher (level 4, -11/33 HPs)
             Began as a Mummy Skald on Sept 13, 2016.
             Mangled by a gnoll
             ... wielding a +0 flail
              (12 damage)
             ... on level 2 of the Dungeon.
             The game lasted 00:06:46 (3725 turns).

Alarkh the Slasher (Mummy Skald)                    Turns: 3725, Time: 00:06:47

Health: -11/33     AC:  3    Str: 15    XL:     4   Next: 83%
Magic:  7/7        EV: 11    Int: 12    God:
Gold:   136        SH:  0    Dex: 11    Spells: 3 memorised, 1 level left

rFire  x . .     SeeInvis .     a - +0 falchion
rCold  + . .     Gourm    .     b - +0 leather armour
rNeg   + + +     Faith    .     (no shield)
rPois  ∞         Spirit   .     (no helmet)
rElec  .         Dismiss  .     (no cloak)
rCorr  .         Reflect  .     (no gloves)
MR     .....     Harm     .     (no boots)
Stlth  +.........               (no amulet)
                                (no ring)
                                j - ring of flight

@: about to teleport
A: no food or potions, fire vulnerability, cold resistance 1, negative energy
resistance 3, torment resistance, unbreathing
a: Evoke Flight


You were on level 2 of the Dungeon.
You were not hungry.

You visited 1 branch of the dungeon, and saw 2 of its levels.

You collected 136 gold pieces.

Inventory:

Hand Weapons
 a - a +0 falchion (weapon)
Missiles
 g - 3 poisoned needles
Armour
 b - a +0 leather armour (worn)
Jewellery
 j - a ring of flight (left hand)
Scrolls
 d - a scroll of amnesia
 e - a scroll of identify
 f - 5 scrolls of remove curse {unknown}
 i - a scroll of magic mapping
Books
 c - a book of Battle

   Spells                             Type                      Level
   a - Infusion                       Charms                       1
   b - Shroud of Golubria             Charms/Translocation         2
   c - Song of Slaying                Charms                       2
   d - Spectral Weapon                Hexes/Charms                 3
   e - Regeneration                   Charms/Necromancy            3


   Skills:
 - Level 2.0 Fighting
 + Level 4.2 Long Blades
 - Level 0.7 Armour
 - Level 0.7 Dodging
 - Level 2.0 Spellcasting
 - Level 2.4 Charms


You had one spell level left.
You knew the following spells:

 Your Spells              Type           Power        Failure   Level  Hunger
a - Infusion              Chrm           #...         14%         1    N/A
b - Shroud of Golubria    Chrm/Tloc      #.........   34%         2    N/A
c - Spectral Weapon       Hex/Chrm       #.......     69%         3    N/A

Dungeon Overview and Level Annotations

Branches:
Dungeon (2/15)

Altars:


Innate Abilities, Weirdness & Mutations

You do not eat or drink.
Your flesh is vulnerable to fire.
You are immune to poison.
Your flesh is cold resistant. (rC+)
You are immune to negative energy. (rN+++)
You are immune to unholy pain and torment.
You can survive without breathing.


Message History

The jackal barks!
As you read the scroll labeled PIALEGHIBYN, it crumbles to dust.
You feel aware of your surroundings.
You sensed 1 altar.
It was a scroll of magic mapping.
The jackal closely misses you.
You riposte.
You hit the jackal.
The jackal is almost dead.
A jackal comes into view.
As you read the scroll labeled JOKLAU CUHYACW, it crumbles to dust.
You feel strangely unstable.
It was a scroll of teleportation.
The jackal barks!
The jackal bites you.
* * * LOW HITPOINT WARNING * * *
The gnoll closely misses you. The jackal bites you.
* * * LOW HITPOINT WARNING * * *
A jackal comes into view.
Okay, then.
You closely miss the gnoll.
The gnoll is moderately wounded.
The jackal closely misses you. The gnoll hits you with a flail!
You die...

# *,* #. # *,* #. # *,*
#. # *,* #( # *,* #. #
*,* #. # *,* ##
#####################.#
.........%....Sg@h.hh.#
#######################


You could see a gnoll, 3 jackals and a ball python.

Vanquished Creatures
  Ijyb (D:1)
  3 adders (D:2)
  2 gnolls (D:2)
  2 worms (D:2)
  A giant cockroach (D:1)
  9 goblins
  7 hobgoblins
  5 jackals (D:2)
  2 kobolds (D:1)
  5 bats
  A giant newt (D:1)
  9 rats
47 creatures vanquished.

Notes
Turn   | Place    | Note
-------+----------+-------------------------------------------
     0 | D:1      | Alarkh the Mummy Skald began the quest for the Orb.
     0 | D:1      | Reached XP level 1. HP: 16/16 MP: 3/3
   117 | D:1      | Reached skill level 2 in Long Blades
   353 | D:1      | Reached XP level 2. HP: 20/22 MP: 0/5
  1415 | D:1      | Learned a level 2 spell: Shroud of Golubria
  1481 | D:1      | Reached XP level 3. HP: 13/27 MP: 2/6
  1718 | D:2      | Noticed Ijyb
  1846 | D:1      | HP: 1/27 [Ijyb (3)]
  2153 | D:2      | Reached skill level 3 in Long Blades
  2534 | D:1      | Killed Ijyb
  2612 | D:2      | Reached XP level 4. HP: 24/33 MP: 2/7
  2768 | D:2      | Learned a level 3 spell: Spectral Weapon
  3398 | D:2      | Reached skill level 4 in Long Blades
  3724 | D:2      | HP: 1/33 [jackal (1)]
  3725 | D:2      | Mangled by a gnoll

Vault maps used:
D:1:      kilobyte_arrival_exit_the_forest, minmay_misc_feat_more_columns
D:2:      marbit_many_paths, uniq_iyjb

Skill      XL: |  1  2  3  4 |
---------------+-------------+-----
Long Blades    | 2 3 4 |  4.2
Fighting       | |  2.0
Armour         | |  0.7
Dodging        | |  0.7
Spellcasting   | |  2.0
Charms         | |  2.4

Action                   |  1- 3 |  4- 6 || total
-------------------------+-------+-------++-------
Melee: Falchion          |   203 |    63 ||   266
 Cast: Infusion          |    24 |    12 ||    36
 Abil: Evoke Flight      |       |     1 ||     1
  Use: Scroll            |     1 |     2 ||     3
Armor: Leather armour    |    36 |    13 ||    49
Dodge: Dodged            |   102 |    29 ||   131
